 Dungeon Crawl Stone Soup version 0.32-a0-837-g8d3e27d251 (webtiles) character file.

Game seed: 4346069664985531650

226 EiAlmux the Conjurer (level 5, 0/30 HPs)
             Began as a Deep Elf Conjurer on Mar 26, 2024.
             Succumbed to a kobold brigand's poison
             ... in a sewer.
             The game lasted 00:06:03 (2986 turns).

EiAlmux the Conjurer (Deep Elf Conjurer)            Turns: 2986, Time: 00:06:03

Health: 0/30       AC:  2    Str:  4    XL:     5   Next: 69%
Magic:  0/13       EV: 12    Int: 25    God:
Gold:   121        SH:  0    Dex: 13    Spells: 9/12 levels left

rFire   . . .        p - +2 short sword (freeze)
rCold   . . .        (no shield)
rNeg    . . .        a - +0 robe
rPois   +            (no helmet)
rElec   .            (no cloak)
rCorr   .            (no gloves)
SInv    .            (no boots)
Will    .....        k - amulet of regeneration
Stlth   ++           n - ring of poison resistance
HPRegen 1.05/turn    (no ring)
MPRegen 0.13/turn

%: no passive effects
@: lethally poisoned (0 -> -6), about to teleport
A: no striking features
a: no special abilities


You were in a sewer.
You visited 1 branch of the dungeon, and saw 3 of its levels.
You also visited: Sewer.

You collected 121 gold pieces.

Inventory:

Hand Weapons
 e - a +0 dagger
 p - a +2 short sword of freezing (weapon)
Armour
 a - a +0 robe (worn)
 l - a +2 buckler
 o - a +0 pair of gloves
Jewellery
 k - an amulet of regeneration (around neck)
 n - a ring of poison resistance (left hand)
Scrolls
 g - a scroll of poison
 h - a scroll of torment {unknown}
 i - 4 scrolls of teleportation
 q - a scroll of enchant armour {unknown}
 r - 2 scrolls of noise {unknown}
Potions
 b - 4 potions of magic
 c - 2 potions of curing {unknown}
 d - a potion of ambrosia {unknown}
 f - a potion of heal wounds {unknown}
 j - 2 potions of lignification {unknown}
 m - a potion of mutation {unknown}


   Skills:
 - Level 2.0 Fighting
 + Level 3.5 Dodging
 - Level 4.0 Stealth
 + Level 0.6 Shields
 + Level 4.2 Spellcasting
 + Level 5.1 Conjurations
 + Level 1.1 Translocations


You had 9 spell levels left.
You knew the following spells:

 Your Spells              Type           Power      Damage    Failure   Level
a - Magic Dart            Conj           100%       1d8       1%          1
b - Searing Ray           Conj           60%        2d6       1%          2

Your spell library contained the following spells:

 Spells                   Type           Power      Damage    Failure   Level
 Iskenderun's Mystic Bla  Conj/Tloc      20%        2d6       24%         4
 Frozen Ramparts          Ice            10%        1d2       26%         3
 Ozocubu's Armour         Ice            5%         N/A       26%         3
 Fulminant Prism          Conj/Alch      9%         3d7       30%         4
 Metabolic Englaciation   Hex/Ice        2%         N/A       94%         5


Dungeon Overview and Level Annotations

Branches:
Dungeon (3/15)              Sewer (1/1)

Altars:
Makhleb


Message History

You finish channelling your searing ray.
The kobold brigand barely misses you.
Casting: Searing Ray (safe; 1% risk of failure)
Confirm with . or Enter, or press ? or * to list all spells.
Aiming: Searing Ray (safe; 1% risk of failure)
Press: ? - help, Shift-Dir - straight line, f - kobold brigand
Aim: a kobold brigand, wielding a +2 dagger of venom and quivering poisoned darts (heavily wounded, 74% to hit)
The searing ray hits the kobold brigand.
The kobold brigand is heavily wounded. (Press . to maintain the ray.)
The kobold brigand hits you with a +2 dagger of venom.
The searing ray misses the kobold brigand.
The kobold brigand barely misses you.
Your magical contamination has completely faded away.
The searing ray hits the kobold brigand.
The kobold brigand is heavily wounded.
The kobold brigand hits you with a +2 dagger of venom!
The searing ray hits the kobold brigand.
The kobold brigand is severely wounded.
You finish channelling your searing ray.
The kobold brigand hits you with a +2 dagger of venom!
* * * LOW HITPOINT WARNING * * *
You are poisoned.
Casting: Searing Ray (safe; 1% risk of failure)
Confirm with . or Enter, or press ? or * to list all spells.
Aiming: Searing Ray (safe; 1% risk of failure)
Press: ? - help, Shift-Dir - straight line, f/p - kobold brigand
Aim: a kobold brigand, wielding a +2 dagger of venom and quivering poisoned darts (severely wounded, 74% to hit)
The searing ray hits the kobold brigand.
The kobold brigand is almost dead. (Press . to maintain the ray.)
You feel sick. The kobold brigand misses you.
Okay, then.
Okay, then.
As you read the scroll of teleportation, it crumbles to dust.
You feel strangely unstable.
You feel sick.
The kobold brigand hits you with a +2 dagger of venom.
* * * LOW HITPOINT WARNING * * *
You are lethally poisoned!
You die...

####### ### ###
#..#..# ?!#?.
#...).# .....
##...## ##...##
#.....# #≈# ..)..
#..)..# #≈#≈# .).
###'####≈#≈#≈###K###
#....≈≈≈≈≈≈≈~~.....#
#....~≈≈≈≈≈≈≈~~.@..#
.....~≈≈≈≈≈≈≈~....##
.....~≈≈≈≈≈~~#....#
#...~≈≈≈≈≈≈≈##....#
#....≈≈≈≈≈≈~#.....#
#...~~≈≈≈≈~≈~.....#
.....≈≈≈≈≈≈......##
....~~≈≈≈≈≈.....##
.....~≈≈≈≈≈.....#


You could see a kobold brigand.

Vanquished Creatures
  6 adders
  8 river rats
  A ribbon worm (D:3)
  11 ball pythons
  3 endoplasms
  6 giant cockroaches
  3 goblins
  9 hobgoblins
  5 quokkas
  6 bats
  4 frilled lizards
  21 kobolds
  23 rats
106 creatures vanquished.

Notes
Turn   | Place    | Note
-------+----------+-------------------------------------------
     0 | D:1      | EiAlmux the Deep Elf Conjurer began the quest for the Orb.
     0 | D:1      | Reached XP level 1. HP: 10/10 MP: 6/6
   124 | D:1      | Reached XP level 2. HP: 16/16 MP: 2/8
   135 | D:1      | Learned a level 2 spell: Searing Ray
   547 | D:1      | Reached skill level 1 in Fighting
   691 | D:1      | Reached XP level 3. HP: 20/20 MP: 5/9
  1232 | D:2      | Found a burning altar of Makhleb.
  1278 | D:2      | Reached XP level 4. HP: 25/25 MP: 8/11
  2088 | D:3      | Found a glowing drain.
  2092 | Sewer    | Entered a sewer
  2274 | Sewer    | Reached XP level 5. HP: 30/30 MP: 5/12
  2495 | Sewer    | Reached skill level 5 in Conjurations
  2614 | Sewer    | Reached skill level 1 in Translocations
  2986 | Sewer    | Succumbed to a kobold brigand's poison

Illustrated notes

Levels and vault maps discovered:
D:1:      eino_arrival_cavern_c, layout_loops_ring, minmay_cupped
D:2:      layout_rooms, basic_altar, serial_park_tiny_pond
D:3:      cheibrodos_thug_alley, layout_loops_ring, serial_shops,
          nicolae_shop_hallway_plus, gup_sewer_entry_spiral, nicolae_wormholes
Sewer:    sewer_minmay_treatment

Skill      XL: |  1  2  3  4  5 |
---------------+----------------+-----
Fighting       | 1 2 |  2.0
Stealth        | 3 4 |  4.0
Dodging        | 3 |  3.5
Spellcasting   | 4 |  4.2
Conjurations   | 5 |  5.1
Translocations | 1 |  1.1
Shields        | |  0.6

Action                     |  1- 3 |  4- 6 || total
---------------------------+-------+-------++-------
  Melee: Dagger            |     2 |     1 ||     3
   Cast: Magic Dart        |    67 |    92 ||   159
         Searing Ray       |       |     9 ||     9
    Use: Scroll            |       |     3 ||     3
 Armour: Robe              |     3 |    17 ||    20
  Dodge: Dodged            |     3 |    23 ||    26

Table legend: (Time is in decaauts)
 A = Elapsed time spent in this place.
 B = Non-inter-level travel time spent in this place.
 C = Inter-level travel time spent in this place.
 D = Time resting spent in this place.
 E = Time spent auto-exploring this place.
 F = Levels seen in this place.
 G = Mean time per level.
                   A        B        C        D        E       F      G
               +--------+--------+--------+--------+--------+-----+--------+
         Total |   3006 |   2787 |    219 |    313 |   2050 |   4 |  751.5 |
       Dungeon |   2109 |   1890 |    219 |      0 |   1610 |   3 |  703.0 |
         Sewer |    896 |    896 |      0 |    313 |    440 |   1 |  896.0 |
               +--------+--------+--------+--------+--------+-----+--------+

Top non-repeatable levels by time:
     D:1: 1130 daAuts
   Sewer: 896 daAuts
     D:2: 671 daAuts
     D:3: 308 daAuts
